 Dungeon Crawl Stone Soup version 0.23-a0-143-g1adec7b (webtiles) character file.

529 EvilAliv3 the Chopper (level 7, -11/66 HPs)
             Began as a Naga Berserker on Aug 31, 2018.
             Was a Believer of Trog.
             Mangled by Pikel
             ... wielding a +1 whip of electrocution
              (15 damage)
             ... on level 4 of the Dungeon.
             The game lasted 00:27:28 (3563 turns).

EvilAliv3 the Chopper (Naga Berserker)              Turns: 3563, Time: 00:27:28

Health: -11/66     AC:  9    Str: 21      XL:     7   Next: 24%
Magic:  7/7        EV:  8    Int:  7      God:    Trog [**....]
Gold:   251        SH:  0    Dex:  8 (11) Spells: 6/6 levels left

rFire    . . .     SeeInvis +   a - +1 hand axe
rCold    . . .     Gourm    .   (no shield)
rNeg     . . .     Faith    .   n - +0 scale mail
rPois    +         Spirit   .   g - +0 helmet
rElec    .         Reflect  .   (no cloak)
rCorr    .         Harm     .   i - +1 pair of gloves
MR       ++...                  (no barding)
Stlth    ..........             p - amulet of the acrobat
HPRegen  1.21/turn              q - -3 ring of slaying (curse)
MPRegen  0.10/turn              (no ring)

@: regenerating, very slow
A: large, see invisible, deformed body, poison resistance, slowness 2, slow
metabolism 1, spit poison 1, AC +2
a: Spit Poison, Berserk, Trog's Hand, Renounce Religion


You were on level 4 of the Dungeon.
You worshipped Trog.
Trog was pleased with you.
You were not hungry.

You visited 1 branch of the dungeon, and saw 4 of its levels.

You collected 251 gold pieces.

Inventory:

Hand Weapons
 a - a +1 hand axe (weapon)
Missiles
 o - 77 stones (quivered)
Armour
 g - a +0 helmet (worn)
 i - a +1 pair of gloves (worn)
 n - a +0 scale mail (worn)
 t - a +0 chain mail
Jewellery
 l - an uncursed ring of ice
 p - an amulet of the acrobat (around neck)
 q - a cursed -3 ring of slaying (left hand)
Wands
 r - a wand of clouds (7)
Scrolls
 e - 4 scrolls of identify
 f - 3 scrolls of enchant armour
 h - a scroll of enchant weapon
Potions
 s - a potion of agility {unknown}
 u - a potion of heal wounds {unknown}
Comestibles
 c - a ration


   Skills:
 + Level 4.5 Fighting
 * Level 5.7 Axes
 + Level 3.2 Armour
 + Level 2.6 Dodging


You had 6 spell levels left.
You didn't know any spells.
Your spell library was empty.

Dungeon Overview and Level Annotations

Branches:
Dungeon (4/15)
 Temple: D:4-7

Altars:
Fedhas
Ru

Annotations:
D:2 exclusion: oklob plant
D:4 Pikel


Innate Abilities, Weirdness & Mutations

You cannot wear boots.
Your serpentine skin is tough. (AC +2)
You have supernaturally acute eyesight. (SInv)
Armour fits poorly on your strangely shaped body.
Your system is resistant to poisons. (rPois)
You cover ground very slowly.
You have a slow metabolism.
You can spit poison.


Message History

You feel slightly more hungry.
You feel the effects of Trog's Hand fading.
Pikel hits you but does no damage.
You are electrocuted!
* * * LOW HITPOINT WARNING * * *
You see here a frilled lizard corpse.
You barely miss Pikel.
Pikel is almost dead.
Pikel barely misses you.
You barely miss Pikel.
Pikel is almost dead.
You have got your breath back.
Pikel closely misses you.
You barely miss Pikel.
Pikel is almost dead.
You barely miss the slave.
You recover from your berserk rage.
Pikel hits you with a whip of electrocution.
* * * LOW HITPOINT WARNING * * *
You are electrocuted!
You die...

#.........##.........
#..........'.........
#....#### #p........
#....##.# #.........
#.......## #.........
#........###......##
#..........#......#
#........#Kp.....##
######........#@...####
#....'........#....#
##.###........#....#####.....
#.# #.......................
#.###......................
#...'....................#
#####....................##
#......#..............#
#......#..............#


You could see Pikel and a slave.

Vanquished Creatures
  Grinder (D:3)
  Sigmund (D:3)
  3 slaves (D:4)
  A quasit (D:4)
  Jessica (D:2)
  Ijyb (D:3)
  Robin (D:3)
  An adder (D:2)
  2 oozes
  2 dart slugs
  A worm (D:2)
  3 leopard geckos
  An orc (D:3)
  A ball python (D:1)
  A giant cockroach (D:2)
  14 goblins
  9 hobgoblins
  2 quokkas (D:2)
  5 bats
  4 frilled lizards
  5 kobolds
  A leopard gecko skeleton (D:4)
  6 rats
67 creatures vanquished.

Notes
Turn   | Place    | Note
-------+----------+-------------------------------------------
     0 | D:1      | EvilAliv3 the Naga Berserker began the quest for the Orb.
     0 | D:1      | Reached XP level 1. HP: 21/21 MP: 1/1
   144 | D:1      | Reached XP level 2. HP: 17/28 MP: 2/2
   897 | D:2      | Reached XP level 3. HP: 34/34 MP: 3/3
  1207 | D:2      | Reached ** piety under Trog
  1404 | D:2      | Found a blossoming altar of Fedhas.
  1425 | D:2      | Noticed an oklob plant
  1557 | D:2      | Reached skill level 4 in Axes
  1557 | D:2      | Reached XP level 4. HP: 42/42 MP: 4/4
  1655 | D:2      | Noticed Jessica
  1660 | D:2      | Killed Jessica
  2251 | D:3      | Noticed Robin
  2263 | D:3      | Killed Robin
  2269 | D:3      | Reached XP level 5. HP: 27/50 MP: 5/5
  2538 | D:3      | Noticed Grinder
  2582 | D:3      | Killed Grinder
  2582 | D:3      | Reached skill level 5 in Axes
  2582 | D:3      | Reached XP level 6. HP: 21/57 MP: 6/6
  2824 | D:3      | Noticed Ijyb
  2841 | D:3      | Killed Ijyb
  2930 | D:3      | Noticed Sigmund
  2950 | D:3      | Killed Sigmund
  2950 | D:3      | Reached XP level 7. HP: 66/66 MP: 7/7
  3330 | D:3      | Found a sacrificial altar of Ru.
  3480 | D:4      | Noticed Pikel
  3559 | D:4      | HP: 3/66 [Pikel/whip of electrocution (14)]
  3563 | D:4      | Mangled by Pikel

Vault maps used:
D:1:      zaba_arrival_water
D:2:      tgw_fedhas, uniq_jessica
D:3:      nicolae_ru_path_of_blood, uniq_ijyb, uniq_sigmund, uniq_robin,
          uniq_grinder
D:4:      first_ration, uniq_pikel, uniq_crazy_yiuf_cottage, uniq_natasha

Skill      XL: |  1  2  3  4  5  6 |
---------------+-------------------+-----
Armour         | 2 3 |  3.2
Axes           | 4 5 |  5.7
Fighting       | 4 |  4.5
Dodging        | 2 |  2.6

Action                   |  1- 3 |  4- 6 |  7- 9 || total
-------------------------+-------+-------+-------++-------
Melee: Hand axe          |    47 |    87 |    69 ||   203
Invok: Trog's Hand       |       |     4 |     3 ||     7
       Berserk           |       |     2 |     1 ||     3
 Abil: Spit Poison       |    26 |    10 |    11 ||    47
  Use: Scroll            |       |     2 |     5 ||     7
       Potion            |       |       |     2 ||     2
  Eat: Chunk             |     3 |     3 |     3 ||     9
       Ration            |       |     1 |     1 ||     2
Armor: Animal skin       |    15 |     2 |       ||    17
       Scale mail        |       |    22 |    75 ||    97
Dodge: Dodged            |    28 |    43 |    74 ||   145

Table legend:
 A = Non-vault XP
 B = Vault XP
 C = Vault XP percentage of total XP
 D = Non-vault monster count
 E = Vault monster count
 F = Vault count percentage of total count
                 A         B        C        D         E       F
            +---------+---------+-------+---------+---------+-------
      Total |     155 |     602 |  79.5 |      49 |      15 |  23.4
            +---------+---------+-------+---------+---------+-------
        D:1 |      29 |       0 |   0.0 |      13 |       0 |   0.0
        D:2 |      64 |      37 |  36.6 |      26 |       1 |   3.7
        D:3 |       8 |     565 |  98.6 |       4 |      14 |  77.8
        D:4 |      54 |       0 |   0.0 |       6 |       0 |   0.0
            +---------+---------+-------+---------+---------+-------
